 Dungeon Crawl Stone Soup version 0.27.1-2-g3b301248ec (webtiles) character file.

Game seed: 3589362105298984663

163 pkoi the Slasher (level 5, -15/45 HPs)
             Began as a Minotaur Gladiator on Sept 24, 2021.
             Killed from afar by a ynoxinul (27 damage)
             ... with an iron shot
             ... on level 2 of the Abyss.
             The game lasted 00:03:33 (2390 turns).

pkoi the Slasher (Minotaur Gladiator)               Turns: 2390, Time: 00:03:34

Health: -15/45     AC:  8    Str: 19    XL:     5   Next: 20%
Magic:  4/4        EV:  8    Int:  5    God:
Gold:   148        SH:  0    Dex: 12    Spells: 4/4 levels left

rFire    . . .     SeeInvis .   a - +0 long sword
rCold    . . .     Faith    .   (no shield)
rNeg     . . .     Spirit   .   i - +0 chain mail
rPois    .         Reflect  .   c - +0 hat
rElec    .         Harm     .   (no cloak)
rCorr    .         Rampage  .   (no gloves)
Will     .....                  (no boots)
Stlth    ..........             (no amulet)
HPRegen  0.15/turn              (no ring)
MPRegen  0.09/turn              (no ring)

@: no status effects
A: horns 2, retaliatory headbutt
a: no special abilities


You were on level 2 of the Abyss.
You visited 1 branch of the dungeon, and saw 4 of its levels.
You visited the Abyss 1 time.

You collected 148 gold pieces.

Inventory:

Hand Weapons
 a - a +0 long sword (weapon)
Missiles
 d - 3 throwing nets (quivered)
 j - 5 datura-tipped darts
Armour
 b - a +0 leather armour
 c - a +0 hat (worn)
 i - a +0 chain mail (worn)
Scrolls
 f - a scroll of fog
 h - a scroll of teleportation
Potions
 e - 3 potions of curing {unknown}


   Skills:
 + Level 3.6 Fighting
 * Level 6.0 Long Blades
 - Level 2.0 Throwing
 + Level 2.4 Armour
 - Level 3.2 Dodging


You had 4 spell levels left.
You didn't know any spells.
Your spell library contained the following spells:

 Spells                   Type           Power      Damage    Failure   Level
 Magic Dart               Conj           0%         1d3       100%        1
 Call Imp                 Summ           0%         N/A       100%        2
 Mephitic Cloud           Conj/Pois/Air  0%         N/A       100%        3


Dungeon Overview and Level Annotations

Branches:
Dungeon (4/15)
 Temple: D:4-7

Altars:

Shops:
D:1 (

Annotations:
D:3 2 runed translucent doors, nroviw's ghost, weakling FeTm
D:4 Edmund


Innate Abilities, Weirdness & Mutations

You have a pair of horns on your head.
You reflexively headbutt those who attack you in melee.


Message History

The ufetubus hits you but does no damage.
The ufetubus barely misses you.
Unknown command.
You slash the ufetubus!
You kill the ufetubus!
The ufetubus closely misses you. You furiously retaliate!
You headbutt the ufetubus, but do no damage.
The ufetubus hits you but does no damage.
Unknown command.
You slash the ufetubus!
You kill the ufetubus!
Unknown command.
You hit the ynoxinul.
The ynoxinul is lightly wounded.
The ynoxinul gestures.
Unknown command.
You slash the ynoxinul! You headbutt the ynoxinul!
The ynoxinul is severely wounded.
The ynoxinul hits you.
* * * LOW HITPOINT WARNING * * *
Unknown command.
You barely miss the ynoxinul.
You headbutt the ynoxinul, but do no damage.
The ynoxinul is severely wounded.
The ufetubus hits you but does no damage.
The ufetubus misses you.
The ynoxinul gestures.
The ufetubus hits you.
* * * LOW HITPOINT WARNING * * *
The ufetubus closely misses you.
Unknown command.
You closely miss the ynoxinul.
The ynoxinul is severely wounded.
The ufetubus hits you but does no damage.
The ufetubus hits you.
* * * LOW HITPOINT WARNING * * *
The ynoxinul gestures at you. The iron shot hits you!!
Ouch! That really hurt!
You die...

## ##. ### ##.#
##..# . # ...
..#.### ...# ..
......## #.##.##.
5...#..# #
###..#..#555..#
..#####.#.###@#...#
....... ..##3# #..##
#.####.355.##
5..............5#..#
. ##. ## ##.####.# .
. ... #.### # #.....
##...##. .#. .#
###... . . ....


You could see a ynoxinul and 4 ufetubi.

Vanquished Creatures
  A bullfrog (D:4)
  A bullfrog skeleton (D:3)
  An adder skeleton (D:4)
  A worm (D:2)
  2 dart slugs
  An orc (D:4)
  7 ball pythons
  9 endoplasms
  2 giant cockroaches
  7 goblins
  5 hobgoblins
  A quokka (D:1)
  3 bats
  6 frilled lizards
  4 kobolds
  5 rats
56 creatures vanquished.

Notes
Turn   | Place    | Note
-------+----------+-------------------------------------------
     0 | D:1      | pkoi the Minotaur Gladiator began the quest for the Orb.
     0 | D:1      | Reached XP level 1. HP: 18/18 MP: 0/0
    74 | D:1      | Reached skill level 4 in Long Blades
   135 | D:1      | Reached XP level 2. HP: 21/25 MP: 1/1
   571 | D:1      | Found Yloet's Weapon Shop.
   661 | D:2      | Found a faded altar of an unknown god.
   683 | D:2      | Reached XP level 3. HP: 28/30 MP: 2/2
   761 | D:2      | Reached skill level 1 in Armour
  1038 | D:2      | Reached skill level 5 in Long Blades
  1572 | D:3      | Reached XP level 4. HP: 33/38 MP: 3/3
  1625 | D:3      | Found a runed translucent door.
  1631 | D:3      | Noticed nroviw's ghost (weakling FeTm)
  1762 | D:3      | Found a runed translucent door.
  2071 | D:4      | Noticed Edmund
  2203 | D:4      | Noticed a bullfrog
  2208 | D:4      | Killed a bullfrog
  2209 | D:4      | Reached XP level 5. HP: 42/45 MP: 4/4
  2335 | D:4      | Reached skill level 6 in Long Blades
  2344 | D:4      | Cast into level 2 of the Abyss (Edmund)
  2368 | Abyss:2  | Noticed a shadow
  2373 | Abyss:2  | Noticed a ynoxinul
  2390 | Abyss:2  | Killed from afar by a ynoxinul

Illustrated notes

Levels and vault maps discovered:
D:1:      dpeg_arrival_boxorama, layout_rooms, serial_shops, shop,
          ebering_dispersal_statue_hall
D:2:      layout_rooms, basic_ecumenical_altar, chequers_avenue
D:3:      layout_basic, ebering_ghost_sewer_f
D:4:      layout_rooms, uniq_edmund
Abyss:2:  base:
D:2

Skill      XL: |  1  2  3  4  5 |
---------------+----------------+-----
Long Blades    | 4 5 6 |  6.0
Armour         | 1 2 |  2.4
Fighting       | 3 |  3.6
Throwing       | |  2.0
Dodging        | |  3.2

Action                   |  1- 3 |  4- 6 || total
-------------------------+-------+-------++-------
Melee: Long sword        |    83 |    36 ||   119
       Headbutt          |    14 |     7 ||    21
  Use: Scroll            |     3 |       ||     3
       Potion            |       |     1 ||     1
Armor: Leather armour    |    21 |     4 ||    25
       Chain mail        |       |    13 ||    13
Dodge: Dodged            |    52 |    30 ||    82
       Rpst.: Long sword |    10 |     6 ||    16
